 Dungeon Crawl Stone Soup version 0.30-a0-1075-gcd70e7a56d (webtiles) character file.

Game seed: 5103011491638607135

44 Arcadio the Caller (level 3, -1/16 HPs)
             Began as a Vine Stalker Summoner on Apr 14, 2023.
             Slain by Sigmund
             ... wielding a +0 scythe
              (2 damage)
             ... on level 2 of the Dungeon.
             The game lasted 00:06:20 (929 turns).

Arcadio the Caller (Vine Stalker Summoner)           Turns: 929, Time: 00:06:21

Health: -1/16      AC:  3    Str: 10    XL:     3   Next: 60%
Magic:  0/8        EV:  9    Int: 17    God:
Gold:   90         SH:  0    Dex: 14    Spells: 1/7 levels left

rFire   . . .      SeeInvis .    (no weapon)
rCold   . . .      Faith    .    (no shield)
rNeg    . . .      Spirit   +    a - +0 robe
rPois   .          Reflect  .    (no helmet)
rElec   .          Rampage  .    f - +0 cloak
rCorr   .                        (no gloves)
Will    .....                    (no boots)
Stlth   ++                       (no amulet)
HPRegen 0.22/turn                (no ring)
MPRegen 0.11/turn                (no ring)

@: constricted
A: fangs 2, magic shield, antimagic bite, no potion heal 2
a: no special abilities


You were on level 2 of the Dungeon.
You visited 1 branch of the dungeon, and saw 2 of its levels.

You collected 90 gold pieces.

Inventory:

Hand Weapons
 c - a +0 short sword
Armour
 a - a +0 robe (worn)
 e - a +0 leather armour
 f - a +0 cloak (worn)
Scrolls
 g - a scroll of identify
Potions
 d - a potion of brilliance
 h - a potion of resistance


   Skills:
 + Level 2.2 Dodging
 - Level 2.4 Stealth
 + Level 2.9 Spellcasting
 + Level 4.4 Summonings


You had one spell level left.
You knew the following spells:

 Your Spells              Type           Power      Damage    Failure   Level
a - Summon Small Mammal   Summ           68%        N/A       2%          1
b - Call Imp              Summ           34%        N/A       4%          2
c - Call Canine Familiar  Summ           17%        N/A       9%          3

Your spell library contained the following spells:

 Spells                   Type           Power      Damage    Failure   Level
 Summon Guardian Golem    Hex/Summ       10%        N/A       22%         3
 Summon Lightning Spire   Summ/Air       10%        N/A       56%         4


Dungeon Overview and Level Annotations

Branches:
Dungeon (2/15) Zot: 11070

Altars:

Annotations:
D:2 Sigmund


Innate Abilities, Weirdness & Mutations

You have extremely sharp teeth.
When hurt, damage is shared between your health and your magic reserves.
Your bite disrupts and absorbs the magic of your enemies.
Potions cannot restore your health.


Message History

Sigmund flickers and vanishes!
Deactivating autopickup; reactivate with Ctrl-A.
Your hound bites something.
Your magical contamination has completely faded away.
Your hound appears confused.
Things that are here:
a +0 club; a +0 buckler; a goblin corpse Something hits your hound.
Your hound resists with significant effort.
The magic dart hits your hound! Something hits your hound.
Your hound dies!
Your hound's corpse disappears in a puff of smoke!
Your cerulean imp disappears in a puff of smoke!
A puff of flame appears from out of thin air!
The puff of flame hits you!
You are confused.
The ball python hisses angrily.
Something tries to affect you, but you resist.
You're too confused to move!
You are more confused.
The ball python closely misses you. The ball python grabs you.
The ball python constricts you.
You escape the ball python's grasp.
You bump into the rock wall.
The ball python completely misses you. The ball python barely misses you.
You bump into the rock wall.
The ball python closely misses you. The ball python grabs you.
The ball python constricts you. The ball python bites you.
The ball python constricts you. The ball python bites you.
The ball python constricts you.
You completely miss the ball python.
You feel less confused. Something hits you!
* * * LOW HITPOINT WARNING * * *
The ball python barely misses you. The ball python constricts you.
* * * LOW HITPOINT WARNING * * *
Magic courses through your body.
The ball python bites you but does no damage.
The ball python constricts you. Something hits you!
You die...

##########.#.##### #.##..........
......†........... #.##.........<
#########.##.#######.##..........
#.##.####....##.....#####
#.#..........†...........
+...................)....
#.#..###....###.....###§. #.#..
#S#.## ####### #{. #.# .# #@#.#
#.. #.# .# #.#.# #.. #g# # #.#.#
#.. #.#.# #.. #.#.# #.. ..#. ###


You could see a ball python.

Vanquished Creatures
  2 goblins (D:1)
  A hobgoblin (D:1)
  2 jackals (D:1)
5 creatures vanquished.

Vanquished Creatures (collateral kills)
  2 adders (D:2)
  2 dart slugs
  2 endoplasms
  A giant cockroach (D:2)
  A goblin (D:2)
  2 hobgoblins
  2 jackals (D:1)
  A frilled lizard (D:1)
  2 rats (D:1)
15 creatures vanquished.

Grand Total: 20 creatures vanquished

Notes
Turn   | Place    | Note
-------+----------+-------------------------------------------
     0 | D:1      | Arcadio the Vine Stalker Summoner began the quest for the
                  | Orb.
     0 | D:1      | Reached XP level 1. HP: 9/9 MP: 4/4
   132 | D:1      | Reached XP level 2. HP: 13/13 MP: 4/6
   786 | D:2      | Reached XP level 3. HP: 16/16 MP: 5/8
   789 | D:2      | Learned a level 2 spell: Call Imp
   793 | D:2      | Learned a level 3 spell: Call Canine Familiar
   891 | D:2      | Noticed Sigmund
   929 | D:2      | Slain by Sigmund

Illustrated notes

Levels and vault maps discovered:
D:1:      psy_arrival_radial01, layout_rooms
D:2:      layout_basic, basic_altar, uniq_natasha, uniq_sigmund

Skill      XL: |  1  2 |
---------------+-------+-----
Dodging        | 2 |  2.2
Stealth        | |  2.4
Spellcasting   | |  2.9
Summonings     | |  4.4

Action                     || total
---------------------------++-------
  Melee: Unarmed           ||    14
         Bite              ||     4
   Cast: Summon Small Mamm ||    27
         Call Imp          ||     1
         Call Canine Famil ||     1
    Use: Scroll            ||     2
         Potion            ||     1
 Armour: Robe              ||     6
  Dodge: Dodged            ||    21

Table legend: (Time is in decaauts)
 A = Elapsed time spent in this place.
 B = Non-inter-level travel time spent in this place.
 C = Inter-level travel time spent in this place.
 D = Time resting spent in this place.
 E = Time spent auto-exploring this place.
 F = Levels seen in this place.
 G = Mean time per level.
                   A        B        C        D        E       F      G
               +--------+--------+--------+--------+--------+-----+--------+
         Total |    928 |    928 |      0 |      0 |    597 |   2 |  464.0 |
       Dungeon |    928 |    928 |      0 |      0 |    597 |   2 |  464.0 |
               +--------+--------+--------+--------+--------+-----+--------+

Top non-repeatable levels by time:
     D:1: 697 daAuts
     D:2: 231 daAuts
